 Dungeon Crawl Stone Soup version 0.31.0-10-gcf4a605ca0 (webtiles) character file.

Game seed: 10542101935219604733

46 Gadfly the Changeling (level 3, -7/26 HPs)
             Began as a Merfolk Shapeshifter on Jan 26, 2024.
             Mangled by a gnoll
             ... wielding a +0 halberd
              (15 damage)
             ... on level 2 of the Dungeon.
             The game lasted 00:02:14 (1321 turns).

Gadfly the Changeling (Merfolk Shapeshifter)        Turns: 1321, Time: 00:02:14

Health: -7/26      AC:  2    Str: 14    XL:     3   Next: 68%
Magic:  3/3        EV: 13    Int:  9    God:
Gold:   44         SH:  0    Dex: 15    Spells: 2/2 levels left

rFire   . .          .
                       - Unarmed
rCold   . . .        (no shield)
rNeg    . . .        a - +0 animal skin
rPois   .            (helmet currently unavailable)
rElec   .            (cloak currently unavailable)
rCorr   .            (gloves currently unavailable)
SInv    .            g - melded +0 pair of boots
Will    .....        (no amulet)
Stlth   +            (no ring)
HPRegen 0.24/turn    (no ring)
MPRegen 0.08/turn

%: no passive effects
@: beast-form
A: beast (slay +2), (nimble swimmer 2), mertail
a: Begin Untransformation


You were on level 2 of the Dungeon.
You were a hulking beast.
You visited 1 branch of the dungeon, and saw 2 of its levels.

You collected 44 gold pieces.

Inventory:

Armour
 a - a +0 animal skin (worn)
 g - a +0 pair of boots (melded)
Jewellery
 e - a ring of ice
Talismans
 c - a beast talisman (active)
 d - a flux talisman
Scrolls
 i - a scroll of fear {unknown}
 j - a scroll of teleportation {unknown}
Potions
 b - a potion of lignification
 f - a potion of haste
 h - 3 potions of curing {unknown}


   Skills:
 + Level 1.5 Fighting
 * Level 3.5 Dodging
 * Level 3.8 Unarmed Combat
 * Level 1.5 Evocations
 + Level 4.1 Shapeshifting


You had 2 spell levels left.
You didn't know any spells.
Your spell library contained the following spells:

 Spells                   Type           Power      Damage    Failure   Level
 Apportation              Tloc           0%         N/A       38%         1
 Necrotise                Necr           0%         1d4       38%         1
 Sting                    Conj/Alch      0%         1d3       38%         1
 Summon Small Mammal      Summ           0%         N/A       38%         1
 Jinxbite                 Hex            0%         N/A       52%         2
 Yara's Violent Unravell  Hex/Alch       0%         3d3       100%        5
 Enfeeble                 Hex            0%         N/A       100%        7


Dungeon Overview and Level Annotations

Branches:
Dungeon (2/15)

Altars:


Innate Abilities, Weirdness & Mutations

You are a hulking beast.
Your limbs bulge with bestial killing power. (Slay +2)
((You are very nimble when in or above water. (Stealth+, EV+, Speed+++)))
Your lower body shifts to a powerful aquatic tail in water.


Message History

The gnoll shouts!
The goblin closely misses you.
You closely miss the goblin. The goblin barely misses you.
You closely miss the goblin. The goblin barely misses you.
You hit the goblin.
The goblin is heavily wounded.
The goblin hits you but does no damage.
The gnoll hits you from afar with a +0 halberd!
You hit the goblin.
You kill the goblin!
The gnoll closely misses you.
A ribbon worm comes into view.
You punch the gnoll!
The gnoll is severely wounded.
The gnoll closely misses you.
The gnoll hits you from afar with a +0 halberd!
You are too injured to fight recklessly!
You are too injured to fight recklessly!
You are too injured to fight recklessly!
You are too injured to fight recklessly!
You are too injured to fight recklessly!
You are too injured to fight recklessly!
You are too injured to fight recklessly!
You are too injured to fight recklessly!
You are too injured to fight recklessly!
You are too injured to fight recklessly!
You are too injured to fight recklessly!
You are too injured to fight recklessly!
You are too injured to fight recklessly!
You are too injured to fight recklessly!
You are too injured to fight recklessly!
You are too injured to fight recklessly!
You are too injured to fight recklessly!
You are too injured to fight recklessly!
Unknown command.
You hit the gnoll.
You kill the gnoll!
The gnoll hits you from afar with a +0 halberd!
Ouch! That really hurt!
You die...

......<#
#....#
......##
#....#
......#
###....#
......#
###......#
......#
#...#....#
......#
#.###....#
...#### #.#
#....# ..##
#####.#
#.†..# #.#
#.....#
##h### #.#
##.##### #r#
#.####..#
#gg....#
#......##
#..g.....#
...#####
#..........#
#>##
#..........#
#.#
#...w......#
#†#
#..........#
#.#
#..........#


You could see a ribbon worm, 3 gnolls and a rat.

Vanquished Creatures
  A gnoll (D:2)
  An adder (D:2)
  A dart slug (D:2)
  A ribbon worm (D:2)
  A ball python (D:1)
  3 bats
  4 endoplasms
  3 giant cockroaches
  4 goblins
  A hobgoblin (D:2)
  4 quokkas
  A frilled lizard (D:2)
  4 kobolds (D:1)
  2 rats (D:1)
31 creatures vanquished.

Notes
Turn   | Place    | Note
-------+----------+-------------------------------------------
     0 | D:1      | Gadfly the Merfolk Shapeshifter began the quest for the
                  | Orb.
     0 | D:1      | Reached XP level 1. HP: 15/15 MP: 1/1
    91 | D:1      | Reached XP level 2. HP: 21/21 MP: 2/2
   210 | D:1      | You fall into a shaft and drop 1 floor!
   376 | D:2      | Reached skill level 1 in Evocations
   489 | D:1      | Reached XP level 3. HP: 22/26 MP: 3/3
  1321 | D:2      | Mangled by a gnoll

Illustrated notes

Levels and vault maps discovered:
D:1:      dpeg_arrival_rooms_a, layout_loops_ring, minivault_27
D:2:      layout_rooms, minmay_misc_feat_enclosed, minmay_misc_feat_nine_boxes

Skill      XL: |  1  2 |
---------------+-------+-----
Dodging        | 3 |  3.5
Evocations     | 1 |  1.5
Fighting       | |  1.5
Unarmed Combat | |  3.8
Shapeshifting  | |  4.1

Action                     || total
---------------------------++-------
  Melee: Unarmed           ||    71
Ability: Begin Untransform ||     1
    Use: Scroll            ||     3
   Stab: Sleeping          ||     2
 Armour: Animal skin       ||    31
  Dodge: Dodged            ||    42
   Form: Beast             ||     1
